AoeStats
← VX | Oblígame Perro!

Socotra

506798539Analyzed
4v4 RM · 18d ago on Sep 15, 2026· 18m 20s· 8 players
Game mode
Random Map
Map size
148×148
Population
200
Speed
Normal
Resources
Standard
Victory
Conquest
Starting age
Dark Age
Ending age
Imperial Age
RankedLock teamsTeams togetherTeam positionsShared explorationLock speedFull tech treeHidden civsTurbo modeCheats
Victory
Defeat
🇦🇷 Khmer · Argentina
1560
+13
🇮🇳 Tupi · India
1550
+13
🇩🇪 Khitans · Germany
1529
+14
🇨🇳 Malay · China
1521
+14
🇲🇽 Persians · Mexico
1576
-17
🇻🇳 Magyars · Vietnam
1567
-17
🇲🇽 Persians · Mexico
1460
-12
🇲🇽 Persians · Mexico
1332
-8
Hommi
7:30 Loom
anshumessi420
3:04 Loom
9:11 Feudal Age
9:17 Champi Runner
9:48 Double-Bit Axe
滑西列夫斯稽
10:05 Feudal Age
9:42 Double-Bit Axe
9:43 Horse Collar
17:49 Castle Age
17:13 Scale Barding Armor
18:10 Forging
Chipmunk
5:29 Loom
7:33 Feudal Age
VX | Anubis
1:39 Loom
VX | Oblígame Perro!
5:29 Loom
VX | Insulini
1:04 Loom
18:46 Feudal Age
timembh
5:44 Loom
8:27 Feudal Age
15:29 Town Watch
16:21 Double-Bit Axe
18:47 Bloodlines
Connection lost

Rejoining the realm…

Still unreachable

The connection could not be restored.

Session expired

The server has moved on; the page needs a fresh start.